 Dungeon Crawl Stone Soup version 0.29.1 (webtiles) character file.

Game seed: 12240699994607933617

217 qw the Chopper (level 5, -1/32 HPs)
             Began as a Gargoyle Fighter on Sept 13, 2022.
             Slain by Natasha (2 damage)
             ... on level 4 of the Dungeon.
             The game lasted 00:01:03 (3477 turns).

qw the Chopper (Gargoyle Fighter)                   Turns: 3477, Time: 00:01:04

Health: -1/32      AC: 13    Str: 21    XL:     5   Next: 94%
Magic:  5/5        EV:  9    Int:  9    God:
Gold:   108        SH:  4    Dex:  9    Spells: 4/4 levels left

rFire   . . .      SeeInvis .   Y - +1 war axe
rCold   . . .      Faith    .   c - +0 buckler
rNeg    + . .      Spirit   .   b - +0 scale mail
rPois   inf        Reflect  .   (no helmet)
rElec   +          Harm     .   f - +1 cloak
rCorr   .          Rampage  .   (no gloves)
Will    +....                   (no boots)
Stlth   ..........              (no amulet)
HPRegen 0.10/turn               g - ring of willpower
MPRegen 0.09/turn               (no ring)

@: no status effects
A: sickness immunity, AC +4, negative energy resistance 1, electricity
resistance, torment resistance 1, petrification resistance
a: no special abilities


You were on level 4 of the Dungeon.
You visited 1 branch of the dungeon, and saw 4 of its levels.

You collected 156 gold pieces.
You spent 48 gold pieces at shops.


Innate Abilities, Weirdness & Mutations

You are immune to sickness and miasma.
Your stone body is resilient. (AC +4)
You are immune to poison.
You resist negative energy. (rN+)
You are resistant to electric shocks. (rElec)
You are resistant to unholy torment.
You are immune to petrification.


   Skills:
 + Level 3.3 Fighting
 - Level 5.1 Axes
 - Level 1.2 Throwing
 - Level 3.2 Armour
 - Level 3.2 Shields


You had 4 spell levels left.
You didn't know any spells.
Your spell library was empty.

Inventory:

Hand Weapons
 e - a +0 whip
 Y - a +1 war axe (weapon)
Missiles
 j - 2 javelins (quivered)
Armour
 a - a +0 chain mail
 b - a +0 scale mail (worn)
 c - a +0 buckler (worn)
 f - a +1 cloak (worn)
Jewellery
 g - a ring of willpower (left hand)
Potions
 d - 2 potions of might
 h - 2 potions of heal wounds {unknown}
 i - a potion of mutation {unknown}
 k - a potion of invisibility {unknown}
 l - a potion of curing {unknown}
 m - a potion of berserk rage {unknown}

Dungeon Overview and Level Annotations

Branches:
Dungeon (4/15)
 Temple: D:4-7

Altars:
Makhleb
Qazlal

Shops:
D:2 *

Annotations:
D:4 Natasha


Message History

You block the hound's attack. The hound bites you but does no damage.
You hit the hound.
The hound is almost dead.
The hound barely misses you. The hound bites you but does no damage.
You slash the hound!
You kill the hound!
Your Axes skill increases to level 5!
You start resting.
HP restored.
a - a +1 vorpal war axe
3400 ||| DROPPING +1 vorpal war axe.
You drop a +1 vorpal war axe.
a - a +0 chain mail
h - 2 puce potions
Enter note: An endoplasm comes into view.
Throw: 2 javelins
Press: ? - help, Q - select action Shift-Dir - straight line, f - endoplasm You throw a javelin.
The javelin pierces through the endoplasm!
You kill the endoplasm!
j - 2 javelins (gained 1)
Found a quarterstaff.
Found a stone staircase leading up.
Enter note:
There is a stone staircase leading up here.
Natasha, Servant of Life and Death comes into view.
She is carrying a wand of light (8).
Enter note: Natasha zaps a wand.
The bolt of light hits you!
You closely miss Natasha.
Natasha zaps a wand.
The bolt of light hits you! Natasha closely misses you.
You closely miss Natasha.
Natasha zaps a wand.
The bolt of light hits you!
You are confused.
You miss Natasha. Natasha barely misses you.
You miss Natasha. Natasha claws you but does no damage.
You closely miss Natasha.
You feel less confused. Natasha claws you but does no damage.
Natasha claws you.
You die...

#########.#
#######.........#
...........######
#######.##.#
#.##.#########.#
#.##.h@.......$.
#.#############.
#.# #.# #.# ##.#
#..########
#.........#
#########.#


You could see Natasha.

Vanquished Creatures
  2 hounds (D:4)
  Natasha (D:4)
  An orc wizard (D:3)
  3 adders
  2 worms (D:2)
  3 dart slugs
  3 orcs (D:3)
  5 ball pythons
  10 endoplasms
  A giant cockroach (D:2)
  8 goblins
  3 hobgoblins
  5 jackals
  4 bats
  4 frilled lizards
  5 kobolds
  6 rats
66 creatures vanquished.

Vanquished Creatures (others)
  A rat (D:3)
1 creature vanquished.

Grand Total: 67 creatures vanquished

Notes
Turn   | Place    | Note
-------+----------+-------------------------------------------
     0 | D:1      | qw the Gargoyle Fighter began the quest for the Orb.
     0 | D:1      | Reached XP level 1. HP: 14/14 MP: 1/1
     0 | D:1      | 0 ||| qw: Version: 0.1-a-119-g272c26d
     0 | D:1      | 0 ||| qw: Game counter: 11136
     0 | D:1      | 0 ||| qw: Always use a shield: true
     0 | D:1      | 0 ||| qw: God list: Okawaru
     0 | D:1      | 0 ||| qw: Allow faded altars: false
     0 | D:1      | 0 ||| qw: Do Orc after D:15 true
     0 | D:1      | 0 ||| qw: Do second Lair branch before Depths: true
     0 | D:1      | 0 ||| qw: Lair rune preference: random
     0 | D:1      | 0 ||| qw: Plans: Normal, Zot, God:TSO, Crypt, Tomb, Pan,
                  | Slime, Hells, Zig, Abyss, Orb
     0 | D:1      | 0 ||| PLANNING D:1-11
     3 | D:1      | Noticed an electric eel
     4 | D:1      | Noticed an electric eel
    53 | D:1      | Reached skill level 2 in Axes
   112 | D:1      | Reached XP level 2. HP: 19/19 MP: 2/2
   453 | D:1      | 453 ||| Stepping ~*~*~tactically~*~*~ (stealth).
   468 | D:1      | Reached skill level 3 in Axes
   529 | D:1      | Reached XP level 3. HP: 23/23 MP: 3/3
   758 | D:1      | Found a faded altar of an unknown god.
   974 | D:1      | 974 ||| UPGRADING to +1 cloak.
   979 | D:1      | 979 ||| DROPPING amulet of faith.
   980 | D:1      | 980 ||| READING scroll labelled WECSINL IBOPEU.
  1456 | D:2      | Found a burning altar of Makhleb.
  1494 | D:2      | Found Bugyuc's Assorted Antiques.
  1504 | D:2      | 1504 ||| SHOPLISTING chain mail (121 gold, have 70).
  1504 | D:2      | 1504 ||| BUYING fizzy coppery potion (24 gold).
  1504 | D:2      | Bought a fizzy coppery potion for 24 gold pieces
  1504 | D:2      | 1504 ||| BUYING grey potion (24 gold).
  1504 | D:2      | Bought a grey potion for 24 gold pieces
  1504 | D:2      | 1504 ||| SHOPLISTING orange potion (24 gold, have 22).
  1504 | D:2      | 1504 ||| SHOPLISTING viscous ruby potion (24 gold, have
                  | 22).
  1970 | D:2      | 1970 ||| Stepping ~*~*~tactically~*~*~ (hiding).
  1972 | D:2      | 1972 ||| Stepping ~*~*~tactically~*~*~ (hiding).
  2388 | D:2      | Reached XP level 4. HP: 28/28 MP: 4/4
  2618 | D:2      | 2618 ||| UPGRADING to ring of willpower.
  2619 | D:2      | 2619 ||| READING scroll labelled ATYMUH TYMOEQO.
  2620 | D:2      | 2620 ||| READING scroll labelled SOHAKLIEHIV.
  2621 | D:2      | 2621 ||| READING scroll labelled GIT COAMPAPEO.
  2622 | D:2      | 2622 ||| READING scroll labelled NESOCI ZYLE.
  2623 | D:2      | 2623 ||| READING scroll labelled TABEFU YFIE.
  2624 | D:2      | 2624 ||| READING scroll labelled WUZ YXARRUNELE.
  2677 | D:3      | Reached skill level 4 in Axes
  2850 | D:3      | Reached XP level 5. HP: 30/32 MP: 5/5
  3070 | D:3      | Found a stormy altar of Qazlal.
  3165 | D:3      | 3165 ||| READING scroll labelled QYTUAF OTTU.
  3166 | D:3      | 3166 ||| READING scroll labelled NIEJOA SEOT.
  3170 | D:3      | 3170 ||| READING scroll labelled FIYPY KONAIKLU.
  3225 | D:3      | 3225 ||| READING scroll labelled VAUCSE ISIEBED.
  3253 | D:4      | Noticed Natasha
  3259 | D:4      | Killed Natasha
  3260 | D:4      | Reached skill level 1 in Throwing
  3396 | D:4      | Reached skill level 5 in Axes
  3400 | D:4      | 3400 ||| DROPPING +1 vorpal war axe.
  3470 | D:4      | Noticed Natasha
  3474 | D:4      | HP: 1/32 [Natasha/bolt of light (11)]
  3477 | D:4      | Slain by Natasha

Levels and vault maps discovered:
D:1:      arrival_aquarium_b, layout_loops_ring, serial_rivers,
          chequers_serial_rivers_large_a, chequers_serial_rivers_micro_b,
          chequers_serial_rivers_micro_a, chequers_serial_rivers_room_b,
          chequers_serial_rivers_room_b, chequers_serial_rivers_small_a,
          chequers_ecumenical_altar_island
D:2:      layout_basic, basic_altar, serial_shops,
          nicolae_shop_overgrown_old_shop, grunt_ministairs_8
D:3:      layout_rooms, grunt_qazlal_clouds
D:4:      layout_loops_ring, uniq_natasha

Skill      XL: |  1  2  3  4  5 |
---------------+----------------+-----
Axes           | 2 3 4 5 |  5.1
Throwing       | 1 |  1.2
Fighting       | |  3.3
Armour         | |  3.2
Shields        | |  3.2

Action                   |  1- 3 |  4- 6 || total
-------------------------+-------+-------++-------
Melee: War axe           |   130 |    73 ||   203
Throw: Javelin           |       |    12 ||    12
  Use: Scroll            |     1 |    10 ||    11
Armor: Scale mail        |    68 |    50 ||   118
Dodge: Dodged            |    41 |    48 ||    89
Block: Buckler           |    20 |    13 ||    33

Table legend:
 A = Non-vault XP
 B = Vault XP
 C = Vault XP percentage of total XP
 D = Non-vault monster count
 E = Vault monster count
 F = Vault count percentage of total count
                 A         B        C        D         E       F
            +---------+---------+-------+---------+---------+-------
      Total |     268 |      43 |  13.8 |      63 |       3 |   4.5
            +---------+---------+-------+---------+---------+-------
        D:1 |      40 |       0 |   0.0 |      24 |       0 |   0.0
        D:2 |      50 |       7 |  12.3 |      19 |       2 |   9.5
        D:3 |      83 |       0 |   0.0 |      13 |       0 |   0.0
        D:4 |      95 |      36 |  27.5 |       7 |       1 |  12.5
            +---------+---------+-------+---------+---------+-------
